 Dungeon Crawl Stone Soup version 0.29-a0-344-ge2f44be95a (webtiles) character file.

Game seed: 9152967195422123584

9892 Essalna the Destroyer (level 11, -1/81 HPs)
             Began as a Demonspawn Conjurer on Apr 21, 2022.
             Was a Believer of Vehumet.
             Slain by a four-headed hydra (7 damage)
             ... on level 1 of the Lair of Beasts.
             The game lasted 00:32:06 (12449 turns).

Essalna the Destroyer (Demonspawn Conjurer)        Turns: 12449, Time: 00:32:06

Health: -1/81      AC:  5    Str: 10    XL:     11   Next: 29%
Magic:  17/21      EV: 12    Int: 29    God:    Vehumet [**....]
Gold:   516        SH: 17    Dex: 11    Spells: 13/24 levels left

rFire   + + .      SeeInvis +   m - +1 spear (venom)
rCold   . . .      Faith    .   w - +0 buckler
rNeg    . . .      Spirit   .   v - +0 leather armour of Happy Babbling {rElec rF++ Str+3 Int+4}
rPois   .          Reflect  +   (helmet unavailable)
rElec   +          Harm     .   D - +0 cloak
rCorr   .          Rampage  .   (no gloves)
Will    .....                   (no boots)
Stlth   +.........              h - amulet of reflection
HPRegen 0.23/turn               (no ring)
MPRegen 0.17/turn               (no ring)

@: no status effects
A: antennae 3, large bone plates 3, foul stench 1, spiny 1
a: Renounce Religion


You were on level 1 of the Lair of Beasts.
You worshipped Vehumet.
Vehumet was pleased with you.
You visited 3 branches of the dungeon, and saw 12 of its levels.

You collected 516 gold pieces.

Inventory:

Hand Weapons
 m - a +1 spear of venom (weapon)
Missiles
 F - a throwing net
Armour
 a - a +0 robe
 v - the +0 leather armour of Happy Babbling (worn) {rElec rF++ Str+3 Int+4}
   (You found it on level 3 of the Dungeon)

   Str:       It affects your strength (+3).
   Int:       It affects your intelligence (+4).
   rF:        It greatly protects you from fire.
   rElec:     It insulates you from electricity.
 w - a +0 buckler (worn)
 D - a +0 cloak (worn)
Jewellery
 c - an amulet of guardian spirit
 h - an amulet of reflection (around neck)
 i - a ring of flight
Wands
 n - a wand of mindburst (6)
 s - a wand of iceblast (8)
 J - a wand of acid (10)
 K - a wand of flame (11)
 L - a wand of polymorph (7)
Scrolls
 e - a scroll of brand weapon {unknown}
 j - a scroll of amnesia {unknown}
 k - 2 scrolls of enchant armour {unknown}
 l - a scroll of vulnerability {unknown}
 p - 9 scrolls of identify {unknown}
 r - 7 scrolls of teleportation {unknown}
 t - a scroll of enchant weapon {unknown}
 y - 3 scrolls of silence {unknown}
 E - a scroll of immolation {unknown}
 G - a scroll of magic mapping {unknown}
 I - a scroll of fear {unknown}
 M - a scroll of noise {unknown}
 N - a scroll of summoning {unknown}
Potions
 d - 5 potions of heal wounds
 f - 3 potions of mutation {unknown}
 g - 5 potions of lignification {unknown}
 o - a potion of resistance {unknown}
 q - a potion of berserk rage {unknown}
 u - a potion of haste {unknown}
 x - 5 potions of curing {unknown}
 z - 3 potions of attraction {unknown}
 A - a potion of degeneration {unknown}
 B - 3 potions of flight {unknown}
 C - a potion of brilliance {unknown}
 H - a potion of cancellation {unknown}


   Skills:
 + Level 6.2 Fighting
 + Level 5.7 Armour
 - Level 4.0 Dodging
 - Level 1.7 Stealth
 - Level 4.0 Shields
 + Level 7.1 Spellcasting
 + Level 8.7 Conjurations
 + Level 5.7 Translocations
 + Level 5.9 Fire Magic


You had 13 spell levels left.
You knew the following spells:

 Your Spells              Type           Power      Damage    Failure   Level
a - Magic Dart            Conj           100%       1d8       1%          1
b - Searing Ray           Conj           100%       2d8       1%          2
c - Sticky Flame          Conj/Fire      52%        2d7       4%          4
d - Iskenderun's Mystic   Conj/Tloc      51%        2d11      4%          4

Your spell library contained the following spells:

 Spells                   Type           Power      Damage    Failure   Level
 Foxfire                  Conj/Fire      100%       2x1d9     1%          1
 Apportation              Tloc           86%        N/A       1%          1
 Conjure Flame            Conj/Fire      52%        6-21      1%          3
 Dazzling Flash           Conj/Hex       70%        N/A       4%          3
 Portal Projectile        Hex/Tloc       54%        N/A       8%          3
 Animate Skeleton         Necr           20%        N/A       9%          1
 Sting                    Tmut/Pois      40%        1d5       9%          1
 Summon Small Mammal      Summ           40%        N/A       9%          1
 Ignite Poison            Fire/Tmut/Pois 21%        N/A       11%         3
 Poisonous Vapours        Pois/Air       20%        N/A       13%         2
 Fulminant Prism          Conj/Hex       17%        3d11      14%         4
 Call Canine Familiar     Summ           10%        N/A       26%         3
 Summon Forest            Summ/Tloc      13%        N/A       56%         5
 Leda's Liquefaction      Hex/Erth       5%         N/A       63%         4
 Olgreb's Toxic Radiance  Pois           10%        N/A       63%         4
 Summon Mana Viper        Hex/Summ       10%        N/A       93%         5
 Summon Cactus Giant      Summ           5%         N/A       100%        6


Dungeon Overview and Level Annotations

Branches:
Dungeon (10/15)            Temple (1/1) D:4            Lair (1/6) D:10
    Orc: D:9-12

Altars:
Ashenzari
Cheibriados
Dithmenos
Elyvilon
Fedhas
Gozag
Hepliaklqana
Kikubaaqudgha
Makhleb
Nemelex Xobeh
Okawaru
Qazlal
Ru
Sif Muna
Trog
Uskayaw
Vehumet
Wu Jian
Xom
Yredelemnul
Zin
The Shining One

Annotations:
D:3 3 runed translucent doors, nubinia's ghost, amateur TeCj


Innate Abilities, Weirdness & Mutations

You have a pair of large antennae on your head. (SInv)
You are completely covered in large bone plates. (SH +8)
You may rarely emit foul miasma when damaged in melee.
You are partially covered in sharp spines.


Message History

Press: ? - help, Dir - move target, f/p - four-headed hydra
Aim: a four-headed hydra (almost dead, about 20% to evade your +1 spear of venom)
You barely miss the four-headed hydra.
The four-headed hydra is almost dead.
You block the four-headed hydra's attack.
The four-headed hydra bites you but does no damage.
You block the four-headed hydra's attack.
The four-headed hydra bites you.
Reach: m) +1 spear (venom)
Press: ? - help, Dir - move target, f/p - four-headed hydra
Aim: a four-headed hydra (almost dead, about 20% to evade your +1 spear of venom)
You hit the four-headed hydra.
The four-headed hydra is almost dead.
The four-headed hydra bites you!
* * * LOW HITPOINT WARNING * * *
You block the four-headed hydra's attack. x2
The four-headed hydra bites you but does no damage.
Magic courses through your body.
You block the four-headed hydra's attack.
The four-headed hydra bites you.
* * * LOW HITPOINT WARNING * * *
The four-headed hydra bites you but does no damage.
You block the four-headed hydra's attack.
Casting: Iskenderun's Mystic Blast (dangerous; 4% risk of failure)
Confirm with . or Enter, or press ? or * to list all spells.
Aiming: Sticky Flame (dangerous; 4% risk of failure)
Press: ? - help, Shift-Dir - straight line, f/p - four-headed hydra
Aim: a four-headed hydra (almost dead, 100% to hit)
Okay, then.
Unknown command.
Unknown command.
Casting: Sticky Flame (dangerous; 4% risk of failure)
Confirm with . or Enter, or press ? or * to list all spells.
You erupt in a blast of force!
The mystic blast hits the four-headed hydra.
The four-headed hydra is almost dead.
The four-headed hydra bites you!
* * * LOW HITPOINT WARNING * * *
The four-headed hydra bites you!
You die...

.....#. .....
..../ ....
##..# $.P #†#
#D# ###@#
.######.#.# {
.......#..#
######...#####.
#..........
###..#####.
##.P# #..P#
#..##


You could see a four-headed hydra.

Vanquished Creatures
  Erica (D:8)
  2 two-headed ogres (D:10)
  Pikel (D:7)
  A cyclops (D:10)
  Maurice (D:8)
  A cane toad (Lair:1)
  Maggie (D:8)
  A hornet (D:8)
  16 yaks
  2 wyverns (D:8)
  2 vampire mosquitoes (D:10)
  2 steam dragons
  A water moccasin (D:9)
  A black bear (D:7)
  5 orc warriors
  An ogre (D:6)
  A centaur (D:8)
  A lemure (D:8)
  3 kobold brigands
  6 bullfrogs
  2 necrophages
  A scorpion (D:6)
  2 gnoll sergeants (D:7)
  5 wights (D:4)
  3 howler monkeys (D:10)
  7 orc priests
  A hound (D:5)
  Crazy Yiuf (D:2)
  Jessica (D:3)
  4 gnoll shamans
  2 iguanas (D:5)
  7 orc wizards
  A scorpion zombie (D:3)
  Robin (D:2)
  9 adders
  25 gnolls
  An adder zombie (D:3)
  3 worms (D:4)
  A dart slug (D:1)
  24 orcs
  3 endoplasms
  2 giant cockroaches
  15 goblins
  7 hobgoblins
  7 quokkas
  5 ball pythons
  3 bats (D:3)
  5 frilled lizards
  24 kobolds
  6 rats
228 creatures vanquished.

Vanquished Creatures (others)
  2 kobolds (D:8)
  2 fungi (D:2)
  10 plants (D:7)
14 creatures vanquished.

Grand Total: 242 creatures vanquished

Notes
Turn   | Place    | Note
-------+----------+-------------------------------------------
     0 | D:1      | Essalna the Demonspawn Conjurer began the quest for the
                  | Orb.
     0 | D:1      | Reached XP level 1. HP: 13/13 MP: 3/3
   289 | D:1      | Gained mutation: You are partially covered in large bone
                  | plates. (SH +4) [demonic ancestry]
   289 | D:1      | Reached XP level 2. HP: 19/19 MP: 3/5
   461 | D:1      | Found a faded altar of an unknown god.
  1133 | D:2      | Gained mutation: You are mostly covered in large bone
                  | plates. (SH +6) [demonic ancestry]
  1133 | D:2      | Reached XP level 3. HP: 24/24 MP: 1/7
  1348 | D:2      | Noticed Robin
  1374 | D:2      | Killed Robin
  1853 | D:2      | You fall into a shaft and drop 1 floor!
  1870 | D:2      | Gained mutation: You have a pair of small antennae on your
                  | head. [demonic ancestry]
  1870 | D:2      | Reached XP level 4. HP: 16/30 MP: 4/8
  2012 | D:2      | Reached skill level 5 in Conjurations
  2117 | D:2      | HP: 1/30 [gnoll/+0 whip (7)]
  2303 | D:2      | Learned a level 2 spell: Searing Ray
  2355 | D:2      | Reached XP level 5. HP: 25/35 MP: 0/10
  2651 | D:2      | Found a runed translucent door.
  2652 | D:2      | Noticed Crazy Yiuf
  2660 | D:2      | Learned a level 4 spell: Sticky Flame
  2811 | D:3      | Noticed Jessica
  2821 | D:3      | Killed Jessica
  2861 | D:3      | Found a shimmering blue altar of Sif Muna.
  2917 | D:3      | Found a runed translucent gate.
  2917 | D:3      | Found a runed translucent gate.
  2917 | D:3      | Found a runed translucent gate.
  2917 | D:3      | Noticed nubinia's ghost (amateur TeCj)
  2919 | D:3      | Found a basalt altar of Yredelemnul.
  3321 | D:3      | Reached skill level 1 in Fire Magic
  3457 | D:3      | Learned a level 4 spell: Iskenderun's Mystic Blast
  3497 | D:3      | Identified the +0 leather armour of Happy Babbling {rElec
                  | rF++ Str+3 Int+4}
  3798 | D:4      | Found a staircase to the Ecumenical Temple.
  3814 | D:4      | Gained mutation: You are completely covered in large bone
                  | plates. (SH +8) [demonic ancestry]
  3814 | D:4      | Reached XP level 6. HP: 32/42 MP: 6/12
  4036 | D:4      | Reached skill level 1 in Fighting
  4036 | D:4      | Reached skill level 1 in Armour
  4036 | D:4      | Reached skill level 1 in Translocations
  4055 | Temple   | Entered the Ecumenical Temple
  4170 | D:4      | Reached skill level 1 in Shields
  4290 | D:4      | Gained mutation: You have a pair of antennae on your head.
                  | [demonic ancestry]
  4290 | D:4      | Reached XP level 7. HP: 40/48 MP: 13/13
  4552 | D:4      | Reached skill level 6 in Conjurations
  4718 | D:4      | Found a sparkling altar of Nemelex Xobeh.
  5139 | D:2      | Killed Crazy Yiuf
  5276 | D:5      | Entered Level 5 of the Dungeon
  5682 | D:5      | Gained mutation: You are partially covered in sharp spines.
                  | [demonic ancestry]
  5682 | D:5      | Reached XP level 8. HP: 57/57 MP: 10/15
  5841 | D:5      | Found a radiant altar of Vehumet.
  5845 | D:5      | Became a worshipper of Vehumet
  6014 | D:5      | Found an ornate altar of the Wu Jian Council.
  6113 | D:5      | Found a blossoming altar of Fedhas.
  6895 | D:6      | Found an ancient bone altar of Kikubaaqudgha.
  7144 | D:6      | Reached skill level 5 in Spellcasting
  8034 | D:7      | Gained mutation: You have a pair of large antennae on your
                  | head. (SInv) [demonic ancestry]
  8034 | D:7      | Reached XP level 9. HP: 43/64 MP: 5/16
  8035 | D:7      | Reached * piety under Vehumet
  8035 | D:7      | Offered knowledge of Shock by Vehumet.
  8189 | D:7      | Noticed Pikel
  8610 | D:8      | Found a hazy altar of Hepliaklqana.
  8825 | D:7      | Killed Pikel
  9101 | D:8      | Reached skill level 7 in Conjurations
  9549 | D:8      | Gained mutation: You may rarely emit foul miasma when
                  | damaged in melee. [demonic ancestry]
  9549 | D:8      | Reached XP level 10. HP: 56/73 MP: 13/19
  9740 | D:8      | Noticed Maurice
  9750 | D:8      | Killed Maurice
  9977 | D:8      | Noticed Erica
  9988 | D:8      | Killed Erica
 10132 | D:8      | Noticed Maggie
 10152 | D:8      | Killed Maggie
 10153 | D:8      | Reached skill level 5 in Fighting
 10644 | D:9      | Reached skill level 5 in Fire Magic
 10790 | D:9      | Reached ** piety under Vehumet
 10790 | D:9      | Offered knowledge of Foxfire by Vehumet.
 10791 | D:9      | Reached skill level 5 in Translocations
 10798 | D:8      | Reached skill level 8 in Conjurations
 10799 | D:8      | Reached skill level 5 in Armour
 11074 | D:9      | Found a shadowy altar of Dithmenos.
 11075 | D:9      | Found an iron altar of Okawaru.
 11226 | D:10     | Entered Level 10 of the Dungeon
 11226 | D:10     | Noticed a two-headed ogre
 11233 | D:10     | Killed a two-headed ogre
 11446 | D:10     | Noticed a two-headed ogre
 11616 | D:10     | Killed a two-headed ogre
 11617 | D:10     | Reached XP level 11. HP: 81/81 MP: 9/21
 12106 | D:10     | Found a staircase to the Lair.
 12401 | Lair:1   | Entered Level 1 of the Lair of Beasts
 12433 | Lair:1   | Noticed a four-headed hydra
 12449 | Lair:1   | Slain by a four-headed hydra

Illustrated notes

Levels and vault maps discovered:
D:1:      lightli_arrival_boilingwater, layout_rooms,
          shapermc_ecumenical_altar_pompeii
D:2:      layout_loops_ring, uniq_robin, uniq_crazy_yiuf_cottage
D:3:      cheibrodos_helix_gallery, layout_basic,
          nicolae_yredelemnul_ghost_church, tgw_sif, minivault_11
D:4:      layout_loops_ring, nemelex_diamond_rough_becter,
          minmay_temple_entry_glass
D:5:      cheibrodos_thug_alley, layout_basic, nicolae_wu_jian_glorious_leap,
          kennysheep_mini, general_overflow_altar
D:6:      layout_cave_pools, mainiacjoe_overflow_divided_tiny,
          serial_park_tiny_2
D:7:      layout_basic, kennysheep_crisscross, nicolae_grassy_gnolls, uniq_pikel
D:8:      layout_cave_pods, old_standard_altar, uniq_maurice, uniq_erica,
          uniq_maggie
D:9:      layout_cross, grunt_temple_overflow_open,
          nicolae_elyvilon_peaceful_grove, palyth_stone_intersect, minivault_24
D:10:     layout_rooms
Temple:   eino_wide_crystal_templ
Lair:1:   layout_roguey, serial_bayou_crossing

Skill      XL: |  1  2  3  4  5  6  7  8  9 10 11 |
---------------+----------------------------------+-----
Spellcasting   | 3 4 5 6 7 |  7.1
Conjurations   | 5 6 7 8 |  8.7
Fire Magic     | 1 2 3 4 5 |  5.9
Dodging        | 2 3 4 |  4.0
Fighting       | 1 2 3 4 5 6 |  6.2
Armour         | 1 2 3 4 5 |  5.7
Translocations | 1 2 3 4 5 |  5.7
Shields        | 1 2 4 |  4.0
Stealth        | |  1.7

Action                   |  1- 3 |  4- 6 |  7- 9 | 10-12 || total
-------------------------+-------+-------+-------+-------++-------
Melee: Unarmed           |    22 |    15 |       |       ||    37
       Punch             |     1 |       |       |       ||     1
       Spear             |       |    58 |   110 |    90 ||   258
 Cast: Magic Dart        |    84 |    84 |   105 |    67 ||   340
       Searing Ray       |       |     4 |    30 |     6 ||    40
       Iskenderun's Myst |       |       |     6 |    36 ||    42
       Sticky Flame      |       |       |       |     9 ||     9
Evoke: Wand              |       |       |       |     5 ||     5
  Use: Scroll            |     1 |       |       |       ||     1
       Potion            |       |     2 |       |     1 ||     3
 Stab: Sleeping          |     1 |       |       |       ||     1
Armor: Robe              |     4 |     7 |       |       ||    11
       Leather armour    |       |     2 |    13 |    11 ||    26
Dodge: Dodged            |    15 |    20 |    43 |    30 ||   108
Block: Other             |    17 |    36 |       |     1 ||    54
       Reflection        |     2 |       |    11 |     5 ||    18
       Buckler           |       |    26 |   127 |   104 ||   257

Table legend: (Time is in decaauts)
 A = Elapsed time spent in this place.
 B = Non-inter-level travel time spent in this place.
 C = Inter-level travel time spent in this place.
 D = Time resting spent in this place.
 E = Time spent auto-exploring this place.
 F = Levels seen in this place.
 G = Mean time per level.
                   A        B        C        D        E       F      G
               +--------+--------+--------+--------+--------+-----+--------+
         Total |  12513 |  11866 |    647 |    693 |   9287 |  12 | 1042.8 |
       Dungeon |  12255 |  11616 |    639 |    597 |   9185 |  10 | 1225.5 |
        Temple |    208 |    200 |      8 |     96 |     85 |   1 |  208.0 |
          Lair |     49 |     49 |      0 |      0 |     17 |   1 |   49.0 |
               +--------+--------+--------+--------+--------+-----+--------+

Top non-repeatable levels by time:
     D:8: 2188 daAuts
     D:2: 1895 daAuts
     D:5: 1426 daAuts
     D:4: 1222 daAuts
     D:3: 1042 daAuts
    D:10: 961 daAuts
     D:9: 928 daAuts
     D:1: 921 daAuts
     D:6: 837 daAuts
     D:7: 831 daAuts
  Temple: 208 daAuts
  Lair:1: 49 daAuts
